 Dungeon Crawl Stone Soup version 0.28.0-53-g5a82cb258f (webtiles) character file.

Game seed: 15384943768515871329

920 concernfroge the Magician (level 7, -5/36 HPs)
             Began as a Deep Elf Conjurer on June 26, 2022.
             Slain by an orc warrior
             ... wielding a +2 war axe of electrocution
              (21 damage)
             ... on level 6 of the Dungeon.
             The game lasted 00:22:15 (5581 turns).

concernfroge the Magician (Deep Elf Conjurer)       Turns: 5581, Time: 00:22:16

Health: -5/36      AC:  2    Str:  6    XL:     7   Next: 83%
Magic:  4/19       EV: 12    Int: 25    God:
Gold:   248        SH:  0    Dex: 13    Spells: 6/20 levels left

rFire   . . .      SeeInvis .   (no weapon)
rCold   . . .      Faith    .   (no shield)
rNeg    . . .      Spirit   .   a - +0 robe
rPois   .          Reflect  .   (helmet restricted)
rElec   .          Harm     .   (no cloak)
rCorr   .          Rampage  .   (no gloves)
Will    .....                   (no boots)
Stlth   ++........              b - amulet of regeneration
HPRegen 0.92/turn               (no ring)
MPRegen 0.16/turn               (no ring)

@: unable to read
A: horns 1, strong 1, inability to read while threatened
a: no special abilities


You were on level 6 of the Dungeon.
You visited 2 branches of the dungeon, and saw 7 of its levels.

You collected 248 gold pieces.

Inventory:

Missiles
 i - a throwing net
Armour
 a - a +0 robe (worn)
Jewellery
 b - an amulet of regeneration (around neck)
Scrolls
 c - a scroll of vulnerability
 e - a scroll of teleportation
 f - a scroll of holy word {unknown}
 g - a scroll of amnesia
Potions
 d - 2 potions of curing
 h - a potion of heal wounds
 j - a potion of lignification {unknown}
 k - a potion of magic


   Skills:
 - Level 2.4 Dodging
 - Level 2.4 Stealth
 + Level 7.0 Spellcasting
 + Level 7.0 Conjurations
 + Level 5.5 Hexes
 + Level 3.6 Translocations


You had 6 spell levels left.
You knew the following spells:

 Your Spells              Type           Power      Damage    Failure   Level
a - Magic Dart            Conj           100%       1d8       1%          1
b - Searing Ray           Conj           86%        2d7       1%          2
c - Dazzling Flash        Conj/Hex       80%        N/A       1%          3
d - Fulminant Prism       Conj/Hex       20%        3d13      4%          4
e - Iskenderun's Mystic   Conj/Tloc      35%        2d8       8%          4

Your spell library contained the following spells:

 Spells                   Type           Power      Damage    Failure   Level
 Beastly Appendage        Tmut           16%        N/A       7%          1
 Pain                     Necr           32%        1d5       7%          1
 Sublimation of Blood     Necr           8%         N/A       10%         2
 Wereblood                Tmut           8%         N/A       10%         2
 Spider Form              Tmut/Pois      8%         N/A       21%         3
 Metabolic Englaciation   Hex/Ice        11%        N/A       52%         5
 Petrify                  Tmut/Erth      8%         N/A       54%         4
 Agony                    Necr           8%         N/A       88%         5
 Excruciating Wounds      Necr           4%         N/A       88%         5
 Statue Form              Tmut/Erth      5%         N/A       100%        6
 Summon Hydra             Summ           4%         N/A       100%        7


Dungeon Overview and Level Annotations

Branches:
Dungeon (6/15)             Temple (1/1) D:5

Altars:
Ashenzari
Cheibriados
Dithmenos
Elyvilon
Fedhas
Hepliaklqana
Kikubaaqudgha
Makhleb
Nemelex Xobeh
Okawaru
Ru
Xom
Zin
The Shining One

Shops:
D:2 =

Annotations:
D:4 Robin


Innate Abilities, Weirdness & Mutations

You have a pair of small horns on your head.
Your muscles are strong. (Str +2)
You sometimes lose the ability to read scrolls when taking damage.


Message History

Your fulminant prism resists.
Your fulminant prism crackles loudly.
Casting: Magic Dart (safe; 1% risk of failure)
Confirm with . or Enter, or press ? or * to list all spells.
Aiming: Magic Dart (safe; 1% risk of failure)
Press: ? - help, Shift-Dir - straight line, f/p - orc warrior
Aim: an orc warrior, wielding a +2 war axe of electrocution and wearing a +0 plate armour (almost dead, 100% to hit)
The magic dart hits the orc warrior but does no damage.
The orc warrior is almost dead.
Your fulminant prism explodes!
The blast of energy engulfs the shadow imp!
You kill the shadow imp!
The blast of energy engulfs the orc wizard!!
You kill the orc wizard!
The blast of energy engulfs something!
You feel a bit more experienced.
The blast of energy engulfs the orc!!
You kill the orc!
You hear a shout! x3
Your Spellcasting skill increases to level 7!
Your Conjurations skill increases to level 7!
Casting: Magic Dart (safe; 1% risk of failure)
Confirm with . or Enter, or press ? or * to list all spells.
Aiming: Searing Ray (safe; 1% risk of failure)
Press: ? - help, Shift-Dir - straight line, f/p - orc warrior
Aim: an orc warrior, wielding a +2 war axe of electrocution and wearing a +0 plate armour (almost dead, 82% to hit)
The searing ray hits the orc warrior.
The orc warrior is almost dead. (Press . to maintain the ray.)
The orc warrior barely misses you.
The searing ray hits the orc warrior but does no damage.
The orc warrior is almost dead.
The orc warrior hits you with a +2 war axe of electrocution!
You are electrocuted!
You feel threatened and lose the ability to read scrolls!
An orc comes into view. It is wielding a +0 dagger.
The searing ray hits the orc warrior but does no damage.
The orc warrior is almost dead.
The orc warrior hits you with a +2 war axe of electrocution!!
Ouch! That really hurt!
You die...

#................#.#####.##.#
#####.############.# #.##.#
###...†.#..>.......#.#####.##.#
#.....#.#.########.#.#.....##.#
#.#.#<#...#.....##.#......###.#
#.#.....#.#.###.##.###.##.# #.#
#.#########.###.##.###.##.###.#
#.............#.##.....##.....#
###############@###############
#o# #o...# #.# #.....#o# #.#
#.#####.# #). #....# ))) #.####
... #[# ..o. #.# #.#


You could see an orc warrior and an orc.

Vanquished Creatures
  An orc warrior (D:6)
  A necrophage (D:6)
  A bullfrog (D:6)
  A water moccasin skeleton (D:5)
  4 hounds
  A bullfrog skeleton (D:3)
  2 orc priests
  3 orc wizards (D:6)
  3 iguanas
  A hound zombie (D:5)
  4 gnolls (D:3)
  A howler monkey skeleton (D:5)
  8 adders
  2 shadow imps (D:6)
  2 white imps
  3 worms
  A dart slug (D:1)
  10 orcs
  6 ball pythons
  2 bats (D:2)
  9 endoplasms
  A giant cockroach (D:2)
  8 goblins
  5 hobgoblins
  3 jackals (D:1)
  5 kobolds
  2 quokkas
  5 frilled lizards
  4 rats
99 creatures vanquished.

Vanquished Creatures (others)
  6 fulminant prisms
6 creatures vanquished.

Grand Total: 105 creatures vanquished

Notes
Turn   | Place    | Note
-------+----------+-------------------------------------------
     0 | D:1      | concernfroge the Deep Elf Conjurer began the quest for the
                  | Orb.
     0 | D:1      | Reached XP level 1. HP: 10/10 MP: 6/6
   376 | D:1      | Reached XP level 2. HP: 15/15 MP: 4/8
   379 | D:1      | Learned a level 2 spell: Searing Ray
   978 | D:1      | Reached skill level 5 in Conjurations
   978 | D:1      | Reached XP level 3. HP: 19/19 MP: 8/10
   982 | D:1      | Learned a level 3 spell: Dazzling Flash
  1696 | D:2      | Reached skill level 1 in Hexes
  1861 | D:2      | Reached XP level 4. HP: 24/24 MP: 8/12
  1866 | D:2      | Learned a level 4 spell: Fulminant Prism
  1982 | D:2      | Found Naaci's Jewellery Emporium.
  2651 | D:3      | Reached skill level 5 in Spellcasting
  2651 | D:3      | Reached XP level 5. HP: 28/28 MP: 3/14
  2775 | D:3      | Learned a level 4 spell: Iskenderun's Mystic Blast
  3161 | D:3      | Identified the +4 ring mail "Fomemubb" {rF+ Int+4}
  3563 | D:4      | Noticed a sky beast
  3610 | D:4      | Noticed Robin
  3622 | D:5      | Entered Level 5 of the Dungeon
  3844 | D:5      | Reached skill level 1 in Translocations
  3844 | D:5      | Reached XP level 6. HP: 32/32 MP: 9/16
  4666 | D:5      | Found a staircase to the Ecumenical Temple.
  4675 | Temple   | Entered the Ecumenical Temple
  4944 | D:6      | Reached XP level 7. HP: 17/36 MP: 11/18
  4965 | D:6      | Gained mutation: You sometimes lose the ability to read
                  | scrolls when taking damage. [potion of mutation]
  4965 | D:6      | Gained mutation: Your muscles are strong. (Str +2) [potion
                  | of mutation]
  4965 | D:6      | Gained mutation: You have a pair of small horns on your
                  | head. [potion of mutation]
  5349 | D:6      | Reached skill level 5 in Hexes
  5581 | D:6      | Slain by an orc warrior

Illustrated notes

Levels and vault maps discovered:
D:1:      lemuel_arrival_river_passageway, layout_basic
D:2:      layout_loops_ring, serial_shops, nicolae_shop_trees,
          kennysheep_generic_room_12
D:3:      layout_loops_cross, nicolae_wormholes
D:4:      layout_basic, yredelemnul_forgotten_temple_becter, st_stairs_5,
          uniq_natasha, uniq_robin, uniq_edmund
D:5:      layout_rooms, lemuel_temple_firewalk_a, cheibrodos_sewer_entry_bend,
          dk_rats_in_the_wall
D:6:      layout_basic, minmay_misc_feat_alley, lightli_minifort
Temple:   nicolae_temple_great_sept

Skill      XL: |  1  2  3  4  5  6  7 |
---------------+----------------------+-----
Spellcasting   | 4 5 6 7 |  7.0
Conjurations   | 5 6 7 |  7.0
Hexes          | 1 2 3 4 5 |  5.5
Translocations | 1 2 3 |  3.6
Dodging        | |  2.4
Stealth        | |  2.4

Action                   |  1- 3 |  4- 6 |  7- 9 || total
-------------------------+-------+-------+-------++-------
Melee: Unarmed           |       |     1 |       ||     1
 Cast: Magic Dart        |    39 |    78 |    11 ||   128
       Searing Ray       |    16 |    29 |    11 ||    56
       Fulminant Prism   |       |     2 |     4 ||     6
       Iskenderun's Myst |       |       |     2 ||     2
  Use: Scroll            |       |     9 |     1 ||    10
       Potion            |       |     2 |     3 ||     5
Armor: Robe              |       |     1 |       ||     1
Dodge: Dodged            |     1 |    13 |     3 ||    17
